 Dungeon Crawl Stone Soup version 0.21-a0-513-gdcb3f5e (webtiles) character file.

242 Gerstahl the Cutter (level 5, 0/43 HPs)
             Began as a Demonspawn Gladiator on Dec 1, 2017.
             Slain by an orc priest
             ... wielding a +0 flail
              (4 damage)
             ... on level 3 of the Dungeon.
             The game lasted 00:03:11 (2295 turns).

Gerstahl the Cutter (Demonspawn Gladiator)          Turns: 2295, Time: 00:03:12

Health: 0/43       AC:  6    Str: 16    XL:     5   Next: 81%
Magic:  0/5        EV: 13    Int:  9    God:
Gold:   121        SH:  0    Dex: 14    Spells: 4/4 levels left

rFire    + . .     SeeInvis .   a - +0 rapier
rCold    . . .     Gourm    .   (no shield)
rNeg     . . .     Faith    .   d - +1 robe {rF+}
rPois    .         Spirit   +   c - +0 helmet
rElec    .         Reflect  .   (no cloak)
rCorr    .         Harm     .   (no gloves)
MR       .....                  (no boots)
Stlth    ++........             (no amulet)
HPRegen  0.14/turn              (no ring)
MPRegen  0.09/turn              (no ring)

@: no status effects
A: claws 1, thin metallic scales 1, nightstalker 1, magic shield
a: no special abilities


You were on level 3 of the Dungeon.
You were hungry.

You visited 1 branch of the dungeon, and saw 3 of its levels.

You collected 121 gold pieces.

Inventory:

Hand Weapons
 a - a +0 rapier (weapon)
Missiles
 n - a throwing net (quivered)
Armour
 b - a +0 leather armour
 c - a +0 helmet (worn)
 d - a +1 robe of fire resistance (worn)
Jewellery
 g - an uncursed ring of positive energy {unknown}
 o - an uncursed ring of resist corrosion {unknown}
Scrolls
 e - a scroll of remove curse {unknown}
 i - a scroll of amnesia {unknown}
 k - 3 scrolls of identify {unknown}
 m - a scroll of blinking {unknown}
 q - a scroll of noise {unknown}
Potions
 h - 2 potions of mutation {unknown}
 p - 2 potions of magic {unknown}
 r - a potion of lignification {unknown}
 s - 4 potions of haste
Comestibles
 f - 2 bread rations
 j - a royal jelly
 l - 3 meat rations


   Skills:
 + Level 4.5 Fighting
 + Level 4.6 Short Blades
 - Level 1.7 Throwing
 - Level 2.6 Dodging


You had 4 spell levels left.
You didn't know any spells.

Dungeon Overview and Level Annotations

Branches:
Dungeon (3/15)

Altars:
Qazlal


Innate Abilities, Weirdness & Mutations

You have sharp fingernails.
You are partially covered in thin metallic scales. (AC +2)
You are slightly more attuned to the shadows.
When hurt, damage is shared between your health and your magic reserves.


Message History

You puncture the orc priest!
The orc priest is almost dead.
You closely miss the orc priest.
The orc priest is almost dead.
The orc priest calls down the wrath of Beogh upon you.
Pain shoots through your body!
You are too injured to fight recklessly!
You are too injured to fight recklessly!
You barely miss the orc priest.
The orc priest is almost dead.
The orc priest barely misses you.
You hit the orc priest but do no damage.
The orc priest is almost dead.
The orc priest calls down the wrath of Beogh upon you.
Beogh smites you!
* * * LOW HITPOINT WARNING * * *
You hit the orc priest but do no damage.
The orc priest is almost dead.
The orc priest hits you with a flail.
You die...

########
.###########.......
#.........([....#
.......#####(##.##.#
######.......@o...$#
#..####(##.#..#
.######<.# #)# #
#........# #..
#.#####..# #### #..#
#..# #..# #..#


You could see an orc priest.

Vanquished Creatures
  Sigmund (D:2)
  2 adders (D:2)
  2 oozes (D:2)
  2 dart slugs
  3 orcs (D:3)
  7 bats
  A giant cockroach (D:1)
  5 goblins
  7 hobgoblins
  6 jackals (D:1)
  4 kobolds
  2 ball pythons (D:1)
  7 frilled lizards
  5 rats
54 creatures vanquished.

Notes
Turn   | Place    | Note
-------+----------+-------------------------------------------
     0 | D:1      | Gerstahl the Demonspawn Gladiator began the quest for the Orb.
     0 | D:1      | Reached XP level 1. HP: 16/16 MP: 1/1
    85 | D:1      | Gained mutation: You are partially covered in thin metallic scales. (AC +2) [demonic ancestry]
    85 | D:1      | Reached XP level 2. HP: 23/23 MP: 2/2
   577 | D:1      | Gained mutation: When hurt, damage is shared between your health and your magic reserves. [demonic ancestry]
   577 | D:1      | Reached XP level 3. HP: 28/28 MP: 3/3
  1305 | D:2      | Found a stormy altar of Qazlal.
  1419 | D:2      | Noticed Sigmund
  1420 | D:2      | Gained mutation: You are slightly more attuned to the shadows. [demonic ancestry]
  1420 | D:2      | Reached XP level 4. HP: 31/35 MP: 2/4
  1607 | D:2      | Killed Sigmund
  1607 | D:2      | Gained mutation: You have sharp fingernails. [demonic ancestry]
  1607 | D:2      | Reached XP level 5. HP: 16/43 MP: 3/5
  2295 | D:3      | Slain by an orc priest

Vault maps used:
D:1:      lightli_arrival_noodles, minmay_shallow_snake_nest
D:2:      lemuel_coloured_pillars_altar, first_bread, minmay_hedge_maze,
          uniq_sigmund

Skill      XL: |  1  2  3  4 |
---------------+-------------+-----
Short Blades   | 3 4 |  4.6
Fighting       | 3 4 |  4.5
Throwing       | |  1.7
Dodging        | |  2.6

Action                   |  1- 3 |  4- 6 || total
-------------------------+-------+-------++-------
Melee: Rapier            |   144 |    65 ||   209
Throw: Throwing net      |       |     3 ||     3
 Stab: Held in net/web   |       |     1 ||     1
       Sleeping          |       |     1 ||     1
  Eat: Chunk             |     1 |       ||     1
       Fruit             |       |     1 ||     1
       Royal jelly       |       |     1 ||     1
Armor: Leather armour    |    65 |     8 ||    73
       Robe              |       |     6 ||     6
Dodge: Dodged            |   140 |    25 ||   165

Table legend:
 A = Spawn XP
 B = Non-spawn XP
 C = Spawn XP percentage of total XP
 D = Spawn monster count
 E = Non-spawn monster count
 F = Spawn count percentage of total count
 G = Total turns spent on level
                    A         B        C        D         E        F      G
               +---------+---------+-------+---------+---------+-------+---------
         Total |       0 |     346 |   0.0 |       0 |      54 |   0.0 |  2295
               +---------+---------+-------+---------+---------+-------+---------
           D:1 |       0 |      49 |   0.0 |       0 |      28 |   0.0 |   987
           D:2 |       0 |     284 |   0.0 |       0 |      21 |   0.0 |  1266
           D:3 |       0 |      13 |   0.0 |       0 |       5 |   0.0 |    42
               +---------+---------+-------+---------+---------+-------+---------
